 Dungeon Crawl Stone Soup version 0.30-a0-210-g01b79a254e (webtiles) character file.

Game seed: 17309199814559802332

8571 scionoferis the Slicer (level 11, -1/68 HPs)
             Began as a Kobold Brigand on Oct 4, 2022.
             Was a Follower of Uskayaw.
             Slain by a sun demon (17 damage)
             ... summoned by a kobold demonologist
             ... on level 11 of the Dungeon.
             The game lasted 00:48:11 (13893 turns).

scionoferis the Slicer (Kobold Brigand)            Turns: 13893, Time: 00:48:12

Health: -1/68      AC: 12    Str: 11    XL:     11   Next: 58%
Magic:  16/16      EV: 21    Int: 12    God:    Uskayaw [*.....]
Gold:   627        SH:  0    Dex: 19    Spells: 9/10 levels left

rFire   . . .      SeeInvis .    a - +4 quick blade (elec)
rCold   . . .      Faith    +    (no shield)
rNeg    . . .      Spirit   .    S - +2 ring mail of Polytheism {Slay+2}
rPois   .          Reflect  .    (no helmet)
rElec   .          Harm     .    c - +0 cloak
rCorr   .          Rampage  .    B - +0 pair of gloves
Will    .....                    V - +0 pair of boots
Stlth   +++++.....               K - amulet of faith
HPRegen 0.31/turn                L - +4 ring of evasion
MPRegen 0.15/turn                D - ring of wizardry

@: studying Translocations
A: small, no large weapons, nightstalker 3
a: Renounce Religion, Stomp


You were on level 11 of the Dungeon.
You worshipped Uskayaw.
Uskayaw was noncommittal.
You visited 2 branches of the dungeon, and saw 12 of its levels.
You also visited: Ossuary.

You collected 627 gold pieces.

Inventory:

Hand Weapons
 a - a +4 quick blade of electrocution (weapon)
 r - the +3 dagger of Gin and Tonic {vorpal, rC++ Int+6}
   (You found it on level 4 of the Dungeon)

   It inflicts extra damage upon your enemies.
   Int:       It affects your intelligence (+6).
   rC:        It greatly protects you from cold.
 y - a +0 sling
Missiles
 d - 45 poisoned darts (quivered)
 e - 3 curare-tipped darts
 g - 9 boomerangs
 k - 3 atropa-tipped darts
 W - a throwing net
Armour
 c - a +0 cloak (worn)
 m - the +0 ring mail of Quantum Leap {rElec}
   (You found it on level 11 of the Dungeon)

   rElec:     It insulates you from electricity.
 B - a +0 pair of gloves (worn)
 S - the +2 ring mail of Polytheism (worn) {Slay+2}
   (You found it on level 7 of the Dungeon)

   Slay:      It affects your accuracy & damage with ranged weapons and melee
   (+2).
 V - a +0 pair of boots (worn)
 Y - the +1 ring mail of Gravitas {rC+ Will+ Dex-3 SInv}
   (You found it on level 9 of the Dungeon)

   Dex:       It affects your dexterity (-3).
   rC:        It protects you from cold.
   SInv:      It lets you see invisible.
   Will:      It increases your willpower.
Jewellery
 h - a ring of fire
 D - a ring of wizardry (right hand)
 K - an amulet of faith (around neck)
 L - a +4 ring of evasion (left hand)
Wands
 o - a wand of flame (26)
 x - a wand of mindburst (4)
 G - a wand of polymorph (12)
 X - a wand of roots (3)
Scrolls
 j - a scroll of enchant armour
 l - 6 scrolls of teleportation
 s - 2 scrolls of fear
 t - 5 scrolls of blinking {unknown}
 O - a scroll of butterflies
 P - 2 scrolls of torment {unknown}
 Q - a scroll of silence
Potions
 b - 2 potions of haste
 f - 6 potions of lignification
 i - a potion of flight {unknown}
 n - a potion of invisibility
 p - 2 potions of brilliance {unknown}
 q - 3 potions of heal wounds
 u - 4 potions of curing {unknown}
 z - 3 potions of degeneration {unknown}
 F - 2 potions of might {unknown}
 H - 3 potions of attraction {unknown}
 I - a potion of mutation {unknown}
 J - a potion of resistance
 U - a potion of ambrosia {unknown}
Miscellaneous
 A - a phantom mirror


   Skills:
 + Level 7.8 Fighting
 + Level 12.5 Short Blades
 - Level 2.1 Throwing
 + Level 5.6 Armour
 + Level 8.2 Dodging
 + Level 9.4 Stealth
 * Level 7.0 Invocations


You had 9 spell levels left.
You knew the following spells:

 Your Spells              Type           Power      Damage    Failure   Level
a - Apportation           Tloc           0%         N/A       28%         1

Your spell library contained the following spells:

 Spells                   Type           Power      Damage    Failure   Level
 Necrotise                Necr           0%         1d4       28%         1
 Summon Small Mammal      Summ           0%         N/A       28%         1
 Sublimation of Blood     Necr           0%         N/A       38%         2
 Wereblood                Tmut           0%         N/A       38%         2
 Call Canine Familiar     Summ           0%         N/A       61%         3
 Dazzling Flash           Conj/Hex       0%         N/A       61%         3
 Inner Flame              Hex/Fire       0%         N/A       61%         3
 Portal Projectile        Hex/Tloc       0%         N/A       61%         3
 Stone Arrow              Conj/Erth      0%         3d7       61%         3
 Summon Guardian Golem    Hex/Summ       0%         N/A       61%         3
 Animate Armour           Summ/Erth      0%         N/A       94%         4
 Flame Wave               Conj/Fire      0%         2d4       94%         4
 Leda's Liquefaction      Hex/Erth       0%         N/A       94%         4
 Sticky Flame             Conj/Fire      0%         2d3       94%         4
 Agony                    Necr           0%         N/A       100%        5
 Blade Hands              Tmut           0%         N/A       100%        5
 Silence                  Hex/Air        0%         N/A       100%        5
 Iron Shot                Conj/Erth      0%         9d1       100%        6
 Summon Hydra             Summ           0%         N/A       100%        7
 Lehudib's Crystal Spear  Conj/Erth      0%         10d2      100%        8


Dungeon Overview and Level Annotations

Branches:
Dungeon (11/15)            Temple (1/1) D:7            Lair (0/5) D:10
    Orc (0/2) D:9         Ossuary (visited)

Altars:
Ashenzari
Cheibriados
Dithmenos
Elyvilon
Fedhas
Gozag
Hepliaklqana
Kikubaaqudgha
Makhleb
Nemelex Xobeh
Okawaru
Qazlal
Ru
Sif Muna
Trog
Uskayaw
Vehumet
Wu Jian
Xom
Yredelemnul
Zin
The Shining One

Shops:
D:7 (   D:8 [

Portals:
Abyss: D:5

Annotations:
D:7 3 runed translucent doors, mistaj's ghost, novice TrMo
D:9 1 runed translucent door, zishaf's ghost, journeyman HuNe


Innate Abilities, Weirdness & Mutations

You are small and have problems with some larger weapons.
You are completely attuned to the shadows.


Message History

A vampire comes into view.
The helpless vampire fails to defend itself.
You skewer the vampire like a kebab!!!
You destroy the vampire!
You can now pass through a line of other dancers.
Found a stone staircase leading down.
A manticore comes into view.
A kobold comes into view.
It is wielding a +0 whip of electrocution.
The kobold moves out of view.
A kobold demonologist comes into view. It is wielding a +0 dagger.
The helpless manticore fails to defend itself.
You spit the manticore like a pig!!!!
You kill the manticore!
You can now pass through a line of other dancers.
Your Invocations skill increases to level 7!
You can no longer pass through a line of other dancers.
A kobold, a kobold brigand and a yak come into view.
The kobold brigand is wielding a +2 short sword of draining and quivering curare-tipped darts.
The kobold demonologist shouts!
The kobold shouts!
The yak bellows!
You hear a bellow!
You hear a shout!
A yak comes into view. x2
The yak bellows!
You hear a shout!
The kobold demonologist attacks as you move away!
The kobold demonologist completely misses you.
The kobold demonologist gestures wildly while chanting.
The kobold demonologist mumbles some strange words.
The sun demon attacks as you move away! The sun demon closely misses you.
The sun demon attacks as you move away! The sun demon misses you.
The sun demon attacks as you move away! The sun demon misses you. x2
The sun demon attacks as you move away! The sun demon completely misses you.
The sun demon misses you. The sun demon attacks as you move away!
The sun demon hits you!!
You are engulfed in flames!
The kobold demonologist looks encouraged for a moment.
The sun demon closely misses you. The sun demon attacks as you move away!
The sun demon barely misses you. The sun demon attacks as you move away!
The sun demon hits you!!
* * * LOW HITPOINT WARNING * * *
You are engulfed in flames!
You die...

Y.#.#...####.##.....#
##### .......##
#...##.......
#.#....####............
#.#..#..##.........####
###..##............# #.#
....####†..###......###..#
...K## #...####..##.......
#.#..###......#..#......#
####..#.....K..3@....<..##
#......######...........##
...##..#
#...#......#..#### ..#
#..# #..##..........#.# ..
#..# ##................#
...# #.......#####.#####
#...... ##......## #.# #
#...)..##....##.# ####
.##..........###..# #.#


You could see a sun demon (summoned) and a kobold demonologist.

Vanquished Creatures
  A two-headed ogre (D:9)
  A manticore (D:11)
  2 gargoyles
  An unseen horror (D:9)
  Psyche (D:8)
  The ghost of trckry the Digger, a novice FoEE (D:5)
  2 trolls
  2 wraiths
  5 wyverns
  A vampire (D:11)
  A steam dragon (D:10)
  A water moccasin (D:9)
  A black bear (D:6)
  A hornet zombie (D:7)
  2 orc warriors
  A sky beast (D:7)
  4 ice beasts
  3 small abominations (D:5)
  5 centaurs
  A kobold brigand (D:6)
  2 necrophages
  7 bullfrogs
  11 wights
  13 killer bees
  2 howler monkeys (D:11)
  2 jellies
  A quasit (D:5)
  A bullfrog zombie (D:7)
  3 orc priests
  3 hounds
  3 gnoll boudas
  6 iguanas
  7 orc wizards
  A mummy (Ossuary)
  12 adders
  13 gnolls
  An ufetubus (D:5)
  3 worms
  3 dart slugs
  33 orcs
  A spectral bat (Ossuary)
  9 ball pythons
  An endoplasm (D:4)
  4 giant cockroaches
  6 goblins
  4 hobgoblins (D:1)
  19 jackals
  15 kobolds
  4 quokkas
  3 bats (D:1)
  3 bat simulacra (Ossuary)
  4 frilled lizards
  12 gnoll zombies (Ossuary)
  5 goblin simulacra (Ossuary)
  6 goblin zombies (Ossuary)
  4 hobgoblin zombies (Ossuary)
  5 kobold simulacra (Ossuary)
  3 kobold zombies (Ossuary)
  5 orc zombies (Ossuary)
  12 rats
  2 rat simulacra (Ossuary)
  2 spectral goblins (Ossuary)
  2 spectral kobolds (Ossuary)
  2 spectral rats (Ossuary)
297 creatures vanquished.

Vanquished Creatures (others)
  A fungus (D:9)
  10 plants
11 creatures vanquished.

Grand Total: 308 creatures vanquished

Notes
Turn   | Place    | Note
-------+----------+-------------------------------------------
     0 | D:1      | scionoferis the Kobold Brigand began the quest for the Orb.
     0 | D:1      | Reached XP level 1. HP: 12/12 MP: 1/1
    77 | D:1      | Found a faded altar of an unknown god.
   152 | D:1      | Reached skill level 3 in Short Blades
   152 | D:1      | Reached XP level 2. HP: 18/18 MP: 2/2
   455 | D:1      | Reached XP level 3. HP: 22/22 MP: 3/3
  1294 | D:2      | Reached XP level 4. HP: 12/27 MP: 4/4
  1454 | D:2      | Reached skill level 1 in Armour
  2102 | D:3      | Reached skill level 4 in Short Blades
  2492 | D:3      | Reached XP level 5. HP: 28/32 MP: 5/5
  2866 | D:3      | You fall into a shaft and drop 3 floors!
  2881 | D:5      | Entered Level 5 of the Dungeon
  2925 | D:4      | Identified the +3 dagger of Gin and Tonic {vorpal, rC++
                  | Int+6}
  3043 | D:4      | Reached XP level 6. HP: 14/37 MP: 6/6
  3050 | D:4      | Reached skill level 5 in Short Blades
  3994 | D:4      | Reached XP level 7. HP: 42/42 MP: 7/7
  4011 | D:4      | Reached skill level 6 in Short Blades
  4036 | D:4      | Found a broken altar of Ashenzari.
  4870 | D:5      | Found a one-way gate to the infinite horrors of the Abyss.
  4870 | D:5      | Noticed trckry's ghost (novice FoEE)
  4944 | D:5      | Found an ornate altar of the Wu Jian Council.
  5186 | D:5      | Found a transporter.
  5215 | D:5      | Found a transporter.
  5289 | D:5      | Reached skill level 7 in Short Blades
  5414 | D:6      | Noticed a troll
  5421 | D:6      | Killed a troll
  5422 | D:6      | Reached XP level 8. HP: 48/48 MP: 8/8
  5466 | D:6      | Reached skill level 8 in Short Blades
  5552 | D:6      | Reached skill level 5 in Fighting
  5552 | D:6      | Reached skill level 5 in Dodging
  5705 | D:6      | Reached XP level 9. HP: 54/54 MP: 9/9
  5730 | D:6      | Reached skill level 9 in Short Blades
  6316 | D:7      | Found a runed translucent gate.
  6317 | D:7      | Found a runed translucent gate.
  6317 | D:7      | Noticed mistaj's ghost (novice TrMo)
  6318 | D:7      | Found a basalt altar of Yredelemnul.
  6318 | D:7      | Found a runed translucent gate.
  6661 | D:7      | Reached skill level 10 in Short Blades
  6837 | D:7      | Learned a level 1 spell: Apportation
  6850 | D:7      | Found a glowing silver altar of Zin.
  6895 | D:7      | Found a staircase to the Ecumenical Temple.
  6901 | Temple   | Entered the Ecumenical Temple
  7158 | Temple   | Became a worshipper of Uskayaw the Reveller
  7218 | D:7      | Reached * piety under Uskayaw
  7225 | D:7      | Reached ** piety under Uskayaw
  7361 | D:7      | Reached skill level 1 in Invocations
  7497 | D:7      | Reached *** piety under Uskayaw
  7577 | D:7      | Found a stormy altar of Qazlal.
  7654 | D:7      | Identified the +2 ring mail of Polytheism {Slay+2}
  7690 | D:7      | Reached XP level 10. HP: 55/60 MP: 11/11
  7825 | D:7      | Found an iron altar of Okawaru.
  7899 | D:7      | Found Keopuov's Weapon Emporium.
  8076 | D:8      | Noticed Psyche
  8237 | D:8      | Killed Psyche
  8237 | D:8      | Reached **** piety under Uskayaw
  8397 | D:8      | Found a sand-covered staircase.
  8404 | Ossuary  | Entered an ossuary
  8990 | D:8      | Reached skill level 11 in Short Blades
  9494 | D:8      | Found Sievva's Antique Armour Emporium.
  9753 | D:8      | Identified a scroll of acquirement
  9754 | D:8      | Acquired a +1 quick blade of electrocution
 10284 | D:9      | Killed an unseen horror
 10330 | D:9      | Noticed a two-headed ogre
 10334 | D:9      | Killed a two-headed ogre
 10335 | D:9      | Reached skill level 5 in Armour
 10335 | D:9      | Reached skill level 5 in Invocations
 10366 | D:9      | Identified the +1 ring mail of Gravitas {rC+ Will+ Dex-3
                  | SInv}
 10414 | D:9      | Found a staircase to the Orcish Mines.
 10474 | D:9      | Reached XP level 11. HP: 57/67 MP: 15/15
 10477 | D:9      | Reached ***** piety under Uskayaw
 10491 | D:9      | Reached ****** piety under Uskayaw
 10492 | D:9      | Reached skill level 12 in Short Blades
 10596 | D:9      | Found a runed translucent door.
 10604 | D:9      | Noticed zishaf's ghost (journeyman HuNe)
 10723 | D:5      | HP: 2/67 [trckry's ghost/stone arrow (22)]
 10726 | D:5      | Killed trckry's ghost
 11155 | D:9      | Identified the +11 spear of the Desert {vorpal, Str+2 SInv}
 11235 | D:10     | Entered Level 10 of the Dungeon
 12458 | D:10     | Found a staircase to the Lair.
 13609 | D:11     | Identified the +0 ring mail of Quantum Leap {rElec}
 13852 | D:11     | Noticed a manticore
 13864 | D:11     | Killed a manticore
 13877 | D:11     | Noticed a sun demon
 13893 | D:11     | Slain by a sun demon

Illustrated notes

Levels and vault maps discovered:
D:1:      dpeg_arrival_radiant, layout_basic, chequers_ecumenical_altar_twisty
D:2:      layout_basic, dk_noncrumbling_2, minmay_misc_feat_rows
D:3:      layout_basic, st_stairs_8, wad_floor_pattern_1, nicolae_grassy_gnolls
D:4:      kb_forest_paths, layout_loops_ring, lemuel_crystal_altar
D:5:      layout_basic, nicolae_wu_jian_wuxing_cycle,
          gammafunk_ghost_abyssal_escape, corexii_leaking_fountain
D:6:      layout_rooms
D:7:      layout_loops_ring, grunt_qazlal_sundering,
          mainiacjoe_overflow_alcove_4, zin_statuary,
          nicolae_yredelemnul_ghost_church, minmay_temple_entry_waves,
          serial_shops, kennysheep_mini_moat, kennysheep_generic_room_12
D:8:      layout_layer_cave, enter_ossuary_5, serial_shops, shop,
          hangedman_abyss_or_decor_lesser_grid, uniq_psyche
D:9:      layout_long_grid, orc_0_dummy, ebering_ghost_funeral_grove
D:10:     layout_loops_corners, lair_entry_dummy, kennysheep_generic_room_3
D:11:     layout_layer_cave
Temple:   nicolae_temple_bog_church

Skill      XL: |  1  2  3  4  5  6  7  8  9 10 11 |
---------------+----------------------------------+-----
Short Blades   | 3 4 5 7 8 10 11 12 | 12.5
Dodging        | 2 3 4 5 6 7 8 |  8.2
Armour         | 1 2 3 4 5 |  5.6
Fighting       | 3 4 5 6 7 |  7.8
Stealth        | 6 7 8 9 |  9.4
Invocations    | 2 5 7 |  7.0
Throwing       | |  2.1

Action                   |  1- 3 |  4- 6 |  7- 9 | 10-12 || total
-------------------------+-------+-------+-------+-------++-------
Melee: Dagger            |    81 |   186 |   397 |   397 ||  1061
       Punch             |       |     2 |     8 |     6 ||    16
       Quick blade       |       |       |       |    68 ||    68
Throw: Dart              |       |    13 |     4 |     4 ||    21
       Throwing net      |       |     2 |     1 |     1 ||     4
       Boomerang         |       |       |     2 |       ||     2
Invok: Line Pass         |       |       |     1 |     6 ||     7
Evoke: Wand              |       |       |     1 |     2 ||     3
  Use: Potion            |       |     3 |     1 |     5 ||     9
       Scroll            |       |       |     7 |     9 ||    16
 Stab: Sleeping          |    26 |    18 |    23 |    46 ||   113
       Invisible         |       |     1 |     1 |       ||     2
       Distracted        |       |       |     3 |       ||     3
       Held in net/web   |       |       |     1 |       ||     1
       Paralysed         |       |       |     2 |    16 ||    18
       Confused          |       |       |       |     3 ||     3
Armor: Robe              |    13 |       |       |       ||    13
       Leather armour    |       |    18 |    23 |       ||    41
       Ring mail         |       |       |       |    56 ||    56
Dodge: Dodged            |    33 |   107 |   203 |   270 ||   613

Table legend: (Time is in decaauts)
 A = Elapsed time spent in this place.
 B = Non-inter-level travel time spent in this place.
 C = Inter-level travel time spent in this place.
 D = Time resting spent in this place.
 E = Time spent auto-exploring this place.
 F = Levels seen in this place.
 G = Mean time per level.
                   A        B        C        D        E       F      G
               +--------+--------+--------+--------+--------+-----+--------+
         Total |  13413 |  12853 |    560 |   1910 |   7983 |  13 | 1031.8 |
       Dungeon |  12620 |  12064 |    556 |   1876 |   7620 |  11 | 1147.3 |
        Temple |    277 |    273 |      4 |      0 |    246 |   1 |  277.0 |
       Ossuary |    515 |    515 |      0 |     34 |    117 |   1 |  515.0 |
               +--------+--------+--------+--------+--------+-----+--------+

Top non-repeatable levels by time:
    D:10: 1690 daAuts
     D:5: 1510 daAuts
     D:7: 1482 daAuts
     D:3: 1237 daAuts
     D:8: 1017 daAuts
     D:1: 1005 daAuts
     D:2: 988 daAuts
     D:6: 986 daAuts
     D:9: 979 daAuts
    D:11: 876 daAuts
     D:4: 844 daAuts
 Ossuary: 515 daAuts
  Temple: 277 daAuts
